 Dungeon Crawl Stone Soup version 0.21.1-1-g345015fe64 (webtiles) character file.

251 Kohma the Ruffian (level 5, -4/53 HPs)
             Began as a Troll Monk on June 15, 2018.
             Was a Believer of Kikubaaqudgha.
             Killed by nerve-wracking pain
             ... invoked by Menkaure
              (12 damage)
             ... on level 4 of the Dungeon.
             The game lasted 00:10:51 (3028 turns).

Kohma the Ruffian (Troll Monk)                      Turns: 3028, Time: 00:10:52

Health: -4/53      AC:  8    Str: 19    XL:     5   Next: 88%
Magic:  4/4        EV: 11    Int:  7    God:    Kikubaaqudgha [**....]
Gold:   226        SH:  0    Dex: 12    Spells: 4/4 levels left

rFire    + . .     SeeInvis .     - Unarmed
rCold    . . .     Gourm    +   (no shield)
rNeg     . . .     Faith    .   i - +0 robe
rPois    .         Spirit   .   (helmet restricted)
rElec    .         Reflect  .   A - +2 cloak
rCorr    .         Harm     .   (gloves unavailable)
MR       .....                  (boots unavailable)
Stlth    ++........             c - amulet of regeneration
HPRegen  0.97/turn              r - ring of flight
MPRegen  0.09/turn              v - ring of protection from fire

@: about to teleport
A: large, unfitting armour, claws 3, fast metabolism 3, gourmand, regeneration
1, shaggy fur 1, tough skin 2
a: Receive Corpses, Renounce Religion, Evoke Flight


You were on level 4 of the Dungeon.
You worshipped Kikubaaqudgha.
Kikubaaqudgha was pleased with you.
You were not hungry.

You visited 2 branches of the dungeon, and saw 5 of its levels.

You collected 226 gold pieces.

Inventory:

Hand Weapons
 l - the +10 hand axe of Success {drain, MR++ Str-3 Int+8 Dex+2, unknown}
   (You found it on level 4 of the Dungeon)

   A truly terrible weapon, it drains the life of those it strikes.
   It affects your strength (-3).
   It affects your intelligence (+8).
   It affects your dexterity (+2).
   It affects your resistance to hostile enchantments.
Missiles
 j - 4 tomahawks (quivered)
 B - 43 sling bullets
Armour
 i - a +0 robe (worn)
 A - a +2 cloak (worn)
Jewellery
 c - an amulet of regeneration (around neck)
 o - an uncursed ring of protection from fire
 r - a ring of flight (left claw)
 v - a ring of protection from fire (right claw)
Wands
 u - a wand of digging (15)
Scrolls
 g - 5 scrolls of identify
 k - 2 scrolls of teleportation
 q - a scroll of remove curse
Potions
 d - 2 potions of brilliance
 e - 2 potions of agility {unknown}
 f - a potion of curing {unknown}
 h - a potion of berserk rage {unknown}
 m - a potion of resistance {unknown}
 n - a potion of magic {unknown}
 p - a potion of cancellation {unknown}
 s - 2 potions of ambrosia {unknown}
 w - 2 potions of degeneration {unknown}
 z - a potion of haste {unknown}
Books
 a - Kikubaaqudgha's Grimoire of Evil Rituals
   (Kikubaaqudgha gifted it to you in the Ecumenical Temple)

   Spells                             Type                      Level
   a - Animate Skeleton               Necromancy                   1
   b - Pain                           Necromancy                   1
   c - Sublimation of Blood           Necromancy                   2
   d - Regeneration                   Charms/Necromancy            3
Comestibles
 b - 5 rations


   Skills:
 + Level 3.4 Fighting
 + Level 3.4 Dodging
 - Level 1.1 Stealth
 * Level 5.1 Unarmed Combat


You had 4 spell levels left.
You didn't know any spells.

Dungeon Overview and Level Annotations

Branches:
Dungeon (4/15)             Temple (1/1) D:4

Altars:
Ashenzari
Cheibriados
Dithmenos
Elyvilon
Fedhas
Gozag
Hepliaklqana
Kikubaaqudgha
Makhleb
Nemelex Xobeh
Okawaru
Qazlal
Ru
Sif Muna
Trog
Uskayaw
Vehumet
Wu Jian
Xom
Yredelemnul
Zin
The Shining One

Annotations:
D:4 Menkaure


Innate Abilities, Weirdness & Mutations

You are too large for most types of armour.
You have claws for hands.
Your metabolism is lightning-fast.
You like to eat raw meat.
Your natural rate of healing is unusually fast.
You are covered in fur. (AC +1)
You have very tough skin. (AC +2)


Message History

You scratch Menkaure but do no damage.
Menkaure is heavily damaged.
Menkaure closely misses you.
You barely miss Menkaure.
Menkaure is heavily damaged.
Menkaure barely misses you.
You scratch Menkaure but do no damage.
Menkaure is heavily damaged.
Menkaure hits you!
You scratch Menkaure but do no damage.
Menkaure is heavily damaged.
Menkaure hits you!
* * * LOW HITPOINT WARNING * * *
Okay, then.
As you read the scroll of teleportation, it crumbles to dust.
You feel strangely unstable.
Menkaure points at you and mumbles some strange words.
Pain shoots through your body!
You die...
Kikubaaqudgha rasps: "You have failed me!
Welcome... death!"

.$... #.# #### ...ZM.#.#
......#.##
...._......####.# #....
#.......# .. #....
#M#####.# .... ... #[#
..... .####.####.# ....
.........@M.# ...
......#+...### .# #
#.#+#.#.>.#.# #
.#.#.#.#+...'######
+#+#.#.#.#.#...#.....#
...≈≈≈..#.#.#+#.####.#
..≈§§≈≈..#.#.#.#.###.###.#
.≈≈≈≈≈≈≈#.#.#.#.#........#
+≈§≈>≈§§.#.#.#.#'###.#####


You could see Menkaure.

Vanquished Creatures
  A water moccasin skeleton (D:4)
  A bullfrog zombie (D:4)
  A worker ant (D:4)
  A howler monkey skeleton (D:4)
  6 adders
  2 adder skeletons (D:4)
  2 worms
  6 leopard geckos
  An orc (D:4)
  4 bats
  3 giant cockroaches
  6 hobgoblins
  A quokka (D:4)
  2 ball pythons
  7 frilled lizards
  7 goblins
  12 kobolds
  5 rats
68 creatures vanquished.

Notes
Turn   | Place    | Note
-------+----------+-------------------------------------------
     0 | D:1      | Kohma the Troll Monk began the quest for the Orb.
     0 | D:1      | Reached XP level 1. HP: 22/22 MP: 0/0
   238 | D:1      | Reached XP level 2. HP: 29/29 MP: 1/1
  1225 | D:2      | Reached XP level 3. HP: 36/36 MP: 2/2
  1548 | D:3      | Reached skill level 4 in Unarmed Combat
  1724 | D:3      | Found a shadowy altar of Dithmenos.
  1771 | D:3      | Reached XP level 4. HP: 43/44 MP: 3/3
  2302 | D:4      | Reached XP level 5. HP: 47/53 MP: 4/4
  2356 | D:4      | Found a staircase to the Ecumenical Temple.
  2370 | Temple   | Entered the Ecumenical Temple
  2656 | Temple   | Became a worshipper of Kikubaaqudgha
  2656 | Temple   | Reached * piety under Kikubaaqudgha
  2656 | Temple   | Identified Kikubaaqudgha's Grimoire of Evil Rituals (Kikubaaqudgha gifted it to you in the Ecumenical Temple)
  2656 | Temple   | Received a gift from Kikubaaqudgha
  2656 | Temple   | Reached ** piety under Kikubaaqudgha
  2686 | D:4      | Got a steaming hand axe
  3005 | D:4      | Found a shimmering altar of Xom.
  3005 | D:4      | Noticed Menkaure
  3020 | D:4      | Reached skill level 5 in Unarmed Combat
  3028 | D:4      | Killed from afar by Menkaure

Skill      XL: |  1  2  3  4  5 |
---------------+----------------+-----
Unarmed Combat | 4 5 |  5.1
Dodging        | 3 |  3.4
Fighting       | 3 |  3.4
Stealth        | |  1.1

Action                   |  1- 3 |  4- 6 || total
-------------------------+-------+-------++-------
Melee: Unarmed           |    99 |    87 ||   186
       Punch             |       |     1 ||     1
  Use: Scroll            |       |     9 ||     9
 Stab: Sleeping          |     4 |       ||     4
  Eat: Chunk             |    18 |     5 ||    23
       Ration            |     1 |       ||     1
Armor: Robe              |    33 |    30 ||    63
Dodge: Dodged            |    43 |    47 ||    90
